Map: [ESL] Ancient Cistern

Players

Coffee

  • Race: Terran Terran

Ryung - Winner!

  • Race: Terran Terran
  • League: Master

Event: IEM Katowice 2023

VOD

Have the link to the VOD?

Description

Time

  • Played on: Feb. 8, 2023, 9:20 a.m.
  • Length: 7:23

All games in this series

Show
View Real Time Build Order
Export as new Build Order

Coffee Terran 

Build Orders:  

Get SALT Encoding   

  12  0:00  SCV  
  13  0:12  SCV  
  14  0:17  Supply Depot  
  14  0:40  Barracks  
  14  0:41  Refinery  
  14  0:52  Barracks  
  14  0:56  SCV  
  15  1:08  SCV  
  16  1:28  Orbital Command, Reaper  
  16  1:32  Refinery  
  17  1:42  Reaper  
  17  1:51  Supply Depot  
  18  1:54  SCV  
  18  2:00  Reaper  
  18  2:06  SCV  
  19  2:14  Reaper  
  20  2:18  SCV  
  21  2:29  Factory  
  21  2:35  SCV  
  21  2:36  Reaper  
  20  2:52  Reaper  
  20  2:54  SCV  
  22  3:06  SCV  
  22  3:08  Reaper  
  22  3:12  Hellion  
  26  3:13  Starport  
  26  3:18  SCV  
  27  3:20  Supply Depot  
  27  3:24  Reaper  
  28  3:30  SCV  
  28  3:34  Hellion  
  31  3:42  SCV, Reaper  
  33  3:49  Medivac  
  33  3:51  Supply Depot  
  33  3:54  SCV  
  36  3:58  Hellion  
  36  4:00  Reaper  
  39  4:17  SCV, Reaper  
  39  4:20  Factory Tech Lab  
  40  4:30  Command Center  
  40  4:33  Starport Tech Lab  
  40  4:35  SCV  
  41  4:41  Reaper  
  41  4:45  Supply Depot  
  41  4:56  Reaper  
  41  4:57  Cyclone  
  41  4:58  SCV  
  43  5:19  SCV  
  42  5:22  Raven  
  37  5:37  Marine x2  
  37  5:39  SCV  
  40  5:45  Command Center  
  40  5:47  Refinery  
  38  5:50  Orbital Command  
  38  5:57  Raven  
  38  6:00  SCV  
  41  6:15  Siege Tank  
  44  6:24  SCV  
  42  6:30  SCV  
  43  6:36  SCV, Raven  
  46  6:42  SCV  
  47  6:48  SCV  
  47  6:50  Siege Tank  
  51  6:54  SCV  
  51  6:59  Barracks  
  51  7:01  SCV  
  52  7:02  Barracks  
  52  7:05  Barracks  
Show
View Real Time Build Order
Export as new Build Order

Ryung Terran - Winner!

Build Orders:  

Get SALT Encoding   

  12  0:00  SCV  
  13  0:12  SCV  
  14  0:16  Supply Depot  
  14  0:24  SCV  
  15  0:38  SCV  
  15  0:40  Barracks  
  15  0:42  Refinery  
  16  0:50  SCV  
  16  0:52  Refinery  
  17  1:02  SCV  
  18  1:14  SCV  
  19  1:27  Orbital Command, Reaper  
  19  1:31  Supply Depot  
  20  1:43  Factory  
  20  1:54  SCV  
  20  1:58  Marine  
  22  2:06  SCV  
  22  2:08  Supply Depot  
  23  2:16  Marine  
  23  2:19  SCV  
  25  2:27  Hellion  
  27  2:31  SCV  
  27  2:34  Marine  
  29  2:43  SCV  
  27  2:52  Marine  
  27  2:54  Hellion  
  29  3:04  Command Center  
  29  3:10  Marine  
  30  3:13  SCV  
  30  3:15  Hellion  
  33  3:22  Starport  
  33  3:25  SCV  
  34  3:28  Marine  
  34  3:33  Supply Depot  
  35  3:38  SCV  
  35  3:39  Factory Tech Lab  
  36  3:47  Barracks Reactor  
  36  3:50  SCV  
  37  3:57  Cyclone  
  37  3:59  Starport Tech Lab  
  37  4:02  SCV  
  41  4:15  SCV  
  41  4:16  Orbital Command  
  41  4:19  Raven  
  41  4:23  Marine x2  
  45  4:28  SCV  
  45  4:29  Siege Tank  
  49  4:40  SCV  
  49  4:41  Marine x2  
  52  4:52  SCV  
  52  4:54  Orbital Command, Raven  
  55  5:01  Siege Tank  
  55  5:03  Supply Depot  
  58  5:13  SCV  
  56  5:16  Marine x2  
  54  5:22  SCV  
  54  5:25  SCV  
  52  5:34  SCV  
  46  5:37  Marine x2, SCV  
  46  5:40  Siege Tank  
  46  5:41  Refinery  
  52  5:46  SCV  
  52  5:48  Raven  
  52  5:49  SCV  
  56  5:57  Marine x2  
  56  5:58  SCV  
  56  6:01  SCV  
  60  6:10  SCV  
  61  6:12  Siege Tank  
  61  6:13  SCV  
  65  6:22  SCV  
  65  6:25  SCV  
  67  6:34  Command Center  
  67  6:35  SCV  
  67  6:37  SCV  
  69  6:41  Supply Depot  
  69  6:44  Barracks  
  69  6:47  SCV  
  70  6:55  Supply Depot, Refinery  
  70  7:02  SCV x2  

Tags
 
Add a new tag
Caveats
  • Supply blocks, unpowered buildings, or Contaminate may cause inaccurate times.
  • Supply counts are checked every 10 seconds.